TOP OF THE 1ST |
Arizona Wildcats batting - Pitching for Maryland Terrapins : LHP Brad Brown
|
Pitching: LHP Brad Brown
|
|
Batting: RHB Jake Brown
|
0-0: DOUBLE (Line Drive, 7LM)
|
Batting: RHB Michael Tucker
|
0-0: Ball 1-0: Ball 2-0: SINGLE (Groundball, 6) Jake Brown to third Runner from 3rd tries for Home, SAFE, no throw or cutoff
|
Batting: RHB Alvin Cates
|
0-0: Ball 1-0: Called Strike 1-1: SINGLE (Groundball, 6MD) Michael Tucker to second
|
Batting: LHB Wes Stone
|
0-0: Ball 1-0: Swinging Strike 1-1: Ball 2-1: Called Strike 2-2: Foul Ball, location: 2F 2-2: Fly out, F8 (Flyball, 8LD) Runner from 2nd tags up, SAFE at 3rd, no throw
|
Batting: RHB Félix Gonzáles
|
0-0: Called Strike 0-1: Swinging Strike 0-2: Foul Ball, location: 2F 0-2: Strikes out swinging
|
Batting: LHB Bruce Foster
|
0-0: Ball 1-0: Called Strike 1-1: Swinging Strike 1-2: Ball 2-2: Ball 3-2: SINGLE (Flyball, 7LS) Michael Tucker scores Alvin Cates to second Alvin Cates to third
|
Batting: RHB Quincy Vance
|
0-0: Ball 1-0: Called Strike 1-1: Foul Ball, location: 2F 1-2: Ball 2-2: Strikes out swinging
|
Top of the 1st over - 2 run(s), 4 hit(s), 0 error(s), 2 left on base; Arizona 2 - Maryland 0 |
BOTTOM OF THE 1ST |
Maryland Terrapins batting - Pitching for Arizona Wildcats : RHP Ricardo Romero
|
Pitching: RHP Ricardo Romero
|
|
Batting: LHB Armando Torres
|
0-0: Ball 1-0: Called Strike 1-1: Called Strike 1-2: Fly out, F7 (Flyball, 7LM)
|
Batting: LHB Raymond Soto
|
0-0: Called Strike 0-1: Called Strike 0-2: Foul Ball, location: 2F 0-2: Ball 1-2: DOUBLE (Groundball, 3L) - OUT at third base trying to stretch hit.
|
Batting: SHB Frank Johnston
|
0-0: SINGLE (Line Drive, 34D)
|
Batting: RHB Larry Boggs
|
0-0: Ball 1-0: Ball 2-0: Ball 3-0: Called Strike 3-1: Base on Balls Frank Johnston to second
|
Batting: RHB Lúcio Ramírez
|
0-0: Ball 1-0: Swinging Strike 1-1: Called Strike 1-2: Foul Ball, location: 2F 1-2: Ball 2-2: Ball 3-2: Base on Balls Frank Johnston to third Larry Boggs to second
|
Batting: RHB Frank Ramsey
|
0-0: Swinging Strike 0-1: Ground out U3 (Groundball, 3L)
|
Bottom of the 1st over - 0 run(s), 2 hit(s), 0 error(s), 3 left on base; Arizona 2 - Maryland 0 |
TOP OF THE 2ND |
Arizona Wildcats batting - Pitching for Maryland Terrapins : LHP Brad Brown
|
Batting: RHB Miguel Gonzáles
|
0-0: Ball 1-0: Called Strike 1-1: Ball 2-1: SINGLE (Line Drive, 7S)
|
Batting: RHB Gabriel Vázquez
|
0-0: Ball Miguel Gonzáles is caught stealing 2nd base 1-0: Ball 2-0: Foul Ball, location: 2F 2-1: Ground out 5-3 (Groundball, 5L)
|
Batting: RHB Jake Brown
|
0-0: Ball 1-0: Called Strike 1-1: Ball 2-1: Called Strike 2-2: Strikes out swinging
|
Top of the 2nd over - 0 run(s), 1 hit(s), 0 error(s), 0 left on base; Arizona 2 - Maryland 0 |
BOTTOM OF THE 2ND |
Maryland Terrapins batting - Pitching for Arizona Wildcats : RHP Ricardo Romero
|
Batting: RHB Michael Burke
|
0-0: Fly out, F7 (Flyball, 78M)
|
Batting: SHB Alex Aguilar
|
0-0: Called Strike 0-1: Foul Ball, location: 2F 0-2: Ball 1-2: Ball 2-2: Foul Ball, location: 2F 2-2: Foul Ball, location: 2F 2-2: Ground out 1-3 (Groundball, 25)
|
Batting: RHB Bill Smith
|
0-0: Ball 1-0: DOUBLE (Flyball, 89M)
|
Batting: LHB Armando Torres
|
0-0: Called Strike 0-1: SINGLE (Line Drive, 8LS) Bill Smith to third Runner from 3rd tries for Home, SAFE, no throw or cutoff
|
Batting: LHB Raymond Soto
|
0-0: Ball Armando Torres is caught stealing 2nd base
|
Bottom of the 2nd over - 1 run(s), 2 hit(s), 0 error(s), 0 left on base; Arizona 2 - Maryland 1 |
TOP OF THE 3RD |
Arizona Wildcats batting - Pitching for Maryland Terrapins : LHP Brad Brown
|
Batting: RHB Michael Tucker
|
0-0: Called Strike 0-1: Foul Ball, location: 2F 0-2: Ball 1-2: Strikes out swinging
|
Batting: RHB Alvin Cates
|
0-0: Ball 1-0: Foul Ball, location: 2F 1-1: Called Strike 1-2: Ball 2-2: Strikes out looking
|
Batting: LHB Wes Stone
|
0-0: Ground out 5-3 (Groundball, 56S)
|
Top of the 3rd over - 0 run(s), 0 hit(s), 0 error(s), 0 left on base; Arizona 2 - Maryland 1 |
BOTTOM OF THE 3RD |
Maryland Terrapins batting - Pitching for Arizona Wildcats : RHP Ricardo Romero
|
Batting: LHB Raymond Soto
|
0-0: Swinging Strike 0-1: Reached on error, E6 (Groundball, 6)
|
Batting: SHB Frank Johnston
|
0-0: Grounds into double play, 6-4-3 (Groundball, 6)
|
Batting: RHB Larry Boggs
|
0-0: SINGLE (Groundball, 5D)
|
Batting: RHB Lúcio Ramírez
|
0-0: Ball Larry Boggs is caught stealing 2nd base
|
Bottom of the 3rd over - 0 run(s), 1 hit(s), 1 error(s), 0 left on base; Arizona 2 - Maryland 1 |
TOP OF THE 4TH |
Arizona Wildcats batting - Pitching for Maryland Terrapins : LHP Brad Brown
|
Batting: RHB Félix Gonzáles
|
0-0: Foul Ball, location: 2F 0-1: Ball 1-1: Hit by Pitch
|
Batting: LHB Bruce Foster
|
0-0: Foul Ball, location: 2F 0-1: SINGLE (Line Drive, 6M) Félix Gonzáles to second
|
Batting: RHB Quincy Vance
|
0-0: Ball Balk! Félix Gonzáles to third Bruce Foster to second 1-0: Foul Ball, location: 2F 1-1: Fly out, F9 (Flyball, 9M) Runner from 3rd tags up, SCORES, throw made
|
Batting: RHB Miguel Gonzáles
|
0-0: Called Strike 0-1: Ball 1-1: Swinging Strike 1-2: Strikes out swinging
|
Batting: RHB Gabriel Vázquez
|
0-0: Ball 1-0: Foul Ball, location: 2F 1-1: Swinging Strike 1-2: Strikes out swinging
|
Top of the 4th over - 1 run(s), 1 hit(s), 0 error(s), 1 left on base; Arizona 3 - Maryland 1 |
BOTTOM OF THE 4TH |
Maryland Terrapins batting - Pitching for Arizona Wildcats : RHP Ricardo Romero
|
Batting: RHB Lúcio Ramírez
|
0-0: Foul Ball, location: 2F 0-1: Ball 1-1: Ball 2-1: Ground out 4-3 (Groundball, 4M)
|
Batting: RHB Frank Ramsey
|
0-0: Ball 1-0: Ball 2-0: Ground out 5-3 (Groundball, 56)
|
Batting: RHB Michael Burke
|
0-0: Swinging Strike 0-1: Foul Ball, location: 2F 0-2: Ball 1-2: Foul Ball, location: 2F 1-2: Strikes out looking
|
Bottom of the 4th over - 0 run(s), 0 hit(s), 0 error(s), 0 left on base; Arizona 3 - Maryland 1 |
TOP OF THE 5TH |
Arizona Wildcats batting - Pitching for Maryland Terrapins : LHP Brad Brown
|
Batting: RHB Jake Brown
|
0-0: Called Strike 0-1: Ball 1-1: Ball 2-1: Ground out 5-3 (Groundball, 5)
|
Batting: RHB Michael Tucker
|
0-0: Fly out, F8 (Flyball, 78M)
|
Batting: RHB Alvin Cates
|
0-0: Ball 1-0: Ground out 6-3 (Groundball, 6M)
|
Top of the 5th over - 0 run(s), 0 hit(s), 0 error(s), 0 left on base; Arizona 3 - Maryland 1 |
BOTTOM OF THE 5TH |
Maryland Terrapins batting - Pitching for Arizona Wildcats : RHP Ricardo Romero
|
Batting: SHB Alex Aguilar
|
0-0: Called Strike 0-1: Foul Ball, location: 2F 0-2: Ball 1-2: Ball 2-2: Strikes out looking
|
Batting: RHB Bill Smith
|
0-0: Foul Ball, location: 2F 0-1: Foul Ball, location: 2F 0-2: Ball 1-2: Ground out 6-3 (Groundball, 6)
|
Batting: LHB Armando Torres
|
0-0: Called Strike 0-1: Ball 1-1: Called Strike 1-2: Ball 2-2: Ground out U3 (Groundball, 3)
|
Bottom of the 5th over - 0 run(s), 0 hit(s), 0 error(s), 0 left on base; Arizona 3 - Maryland 1 |
TOP OF THE 6TH |
Arizona Wildcats batting - Pitching for Maryland Terrapins : LHP Brad Brown
|
Batting: LHB Wes Stone
|
0-0: Ball 1-0: Foul Ball, location: 2F 1-1: Ball 2-1: Foul Ball, location: 2F 2-2: Ball 3-2: Fly out, F6 (Line Drive, 6M)
|
Pitching: RHP Enrique Miranda
|
|
Batting: RHB Félix Gonzáles
|
0-0: Called Strike 0-1: Swinging Strike 0-2: Ball 1-2: Ball 2-2: Ball 3-2: Base on Balls
|
Batting: LHB Bruce Foster
|
0-0: Ball 1-0: Foul Ball, location: 2F 1-1: Swinging Strike 1-2: Ball 2-2: Ball 3-2: Strikes out swinging
|
Batting: RHB Quincy Vance
|
0-0: Ball 1-0: Ball 2-0: Ball 3-0: Called Strike 3-1: Called Strike 3-2: Base on Balls Félix Gonzáles to second
|
Batting: RHB Miguel Gonzáles
|
0-0: Ground out 4-3 (Groundball, 4)
|
Top of the 6th over - 0 run(s), 0 hit(s), 0 error(s), 2 left on base; Arizona 3 - Maryland 1 |
BOTTOM OF THE 6TH |
Maryland Terrapins batting - Pitching for Arizona Wildcats : RHP Ricardo Romero
|
Batting: LHB Raymond Soto
|
0-0: Ball 1-0: Ball 2-0: SINGLE (Line Drive, 89M)
|
Batting: SHB Frank Johnston
|
0-0: Ball 1-0: Ball 2-0: Called Strike 2-1: Swinging Strike 2-2: Ball 3-2: Foul Ball, location: 2F 3-2: Strikes out swinging
|
Batting: RHB Larry Boggs
|
0-0: Ball 1-0: Foul Ball, location: 2F 1-1: Fly out, F8 (Flyball, 8RM)
|
Pitching: RHP Gregg Minor
|
|
Batting: RHB Lúcio Ramírez
|
0-0: Called Strike 0-1: Ground out 3-1 (Groundball, 34)
|
Bottom of the 6th over - 0 run(s), 1 hit(s), 0 error(s), 1 left on base; Arizona 3 - Maryland 1 |
TOP OF THE 7TH |
Arizona Wildcats batting - Pitching for Maryland Terrapins : RHP Enrique Miranda
|
Batting: RHB Gabriel Vázquez
|
0-0: Fly out, F9 (Flyball, 9LMF)
|
Batting: RHB Jake Brown
|
0-0: Ground out 5-3 (Groundball, 15S)
|
Batting: RHB Michael Tucker
|
0-0: Ground out 6-3 (Groundball, 6M)
|
Top of the 7th over - 0 run(s), 0 hit(s), 0 error(s), 0 left on base; Arizona 3 - Maryland 1 |
BOTTOM OF THE 7TH |
Maryland Terrapins batting - Pitching for Arizona Wildcats : RHP Gregg Minor
|
Batting: RHB Frank Ramsey
|
0-0: Ball 1-0: Ball 2-0: SINGLE (Line Drive, 9LS)
|
Batting: RHB Michael Burke
|
0-0: 2-RUN HOME RUN (Flyball, 7D), Distance : 346 ft
|
Batting: SHB Alex Aguilar
|
0-0: Ball 1-0: Ball 2-0: Ground out 1-3 (Groundball, 25)
|
Batting: RHB Bill Smith
|
0-0: Ball 1-0: Foul Ball, location: 2F 1-1: Foul Ball, location: 2F 1-2: Foul Ball, location: 2F 1-2: Foul Ball, location: 2F 1-2: Ball 2-2: Strikes out looking
|
Batting: LHB Armando Torres
|
0-0: Ball 1-0: Called Strike 1-1: TRIPLE (Flyball, 8RM)
|
Batting: LHB Raymond Soto
|
0-0: Ball 1-0: Foul Ball, location: 2F 1-1: Foul Ball, location: 2F 1-2: Ball 2-2: Foul Ball, location: 2F 2-2: Ball 3-2: Fly out, F6 (Popup, 6MD)
|
Bottom of the 7th over - 2 run(s), 3 hit(s), 0 error(s), 1 left on base; Arizona 3 - Maryland 3 |
TOP OF THE 8TH |
Arizona Wildcats batting - Pitching for Maryland Terrapins : RHP Enrique Miranda
|
Batting: RHB Alvin Cates
|
0-0: Called Strike 0-1: Swinging Strike 0-2: Strikes out swinging
|
Pitching: LHP Luis Luján
|
|
Batting: LHB Wes Stone
|
0-0: Ball 1-0: SINGLE (Line Drive, 6D)
|
Batting: RHB Félix Gonzáles
|
0-0: Ball 1-0: Foul Ball, location: 2F 1-1: Swinging Strike 1-2: Strikes out swinging
|
Batting: LHB Bruce Foster
|
0-0: Called Strike 0-1: Ball 1-1: Ball 2-1: Foul Ball, location: 2F 2-2: Foul Ball, location: 2F 2-2: Ground out 6-3 (Groundball, 6)
|
Top of the 8th over - 0 run(s), 1 hit(s), 0 error(s), 1 left on base; Arizona 3 - Maryland 3 |
BOTTOM OF THE 8TH |
Maryland Terrapins batting - Pitching for Arizona Wildcats : RHP Gregg Minor
|
Batting: SHB Frank Johnston
|
0-0: Called Strike 0-1: Foul Ball, location: 2F 0-2: Ball 1-2: SOLO HOME RUN (Flyball, 9D), Distance : 348 ft
|
Pitching: RHP Cal Dayment
|
|
Batting: RHB Larry Boggs
|
0-0: Ball 1-0: Ground out 4-3 (Groundball, 4M)
|
Batting: RHB Lúcio Ramírez
|
0-0: Ball 1-0: Ball 2-0: Ball 3-0: Called Strike 3-1: Base on Balls
|
Batting: RHB Frank Ramsey
|
0-0: Called Strike Lúcio Ramírez steals 2nd base 0-1: Ball 1-1: Intentional Walk
|
Batting: RHB Michael Burke
|
0-0: Called Strike 0-1: Called Strike 0-2: SINGLE (Line Drive, 7S) Lúcio Ramírez to third Frank Ramsey to second
|
Batting: SHB Alex Aguilar
|
0-0: Called Strike 0-1: Ball 1-1: Ball 2-1: Ball 3-1: Base on Balls Lúcio Ramírez scores Frank Ramsey to third Michael Burke to second
|
Pinch Hitting: SHB Josh Gross
|
0-0: Called Strike 0-1: Ball 1-1: Ball 2-1: Called Strike 2-2: Strikes out swinging
|
Batting: LHB Armando Torres
|
0-0: Called Strike 0-1: Ball 1-1: Ball 2-1: SINGLE (Groundball, 34D) Frank Ramsey scores Michael Burke to third Alex Aguilar to second Runner from 3rd tries for Home, SAFE, no throw or cutoff
|
Pitching: RHP Craig Little
|
|
Batting: LHB Raymond Soto
|
0-0: Called Strike 0-1: Ball 1-1: Fly out, F7 (Flyball, 8LS)
|
Bottom of the 8th over - 4 run(s), 3 hit(s), 0 error(s), 2 left on base; Arizona 3 - Maryland 7 |
TOP OF THE 9TH |
Arizona Wildcats batting - Pitching for Maryland Terrapins : LHP Luis Luján
|
Pitching: RHP Pete Gillespie
|
|
Now at 1B: Leonard Adams
|
|
Batting: RHB Quincy Vance
|
0-0: Ball 1-0: Called Strike 1-1: Ball 2-1: Swinging Strike 2-2: Strikes out looking
|
Batting: RHB Miguel Gonzáles
|
0-0: Foul Ball, location: 2F 0-1: Called Strike 0-2: Strikes out swinging
|
Batting: RHB Gabriel Vázquez
|
0-0: Called Strike 0-1: Foul Ball, location: 2F 0-2: Foul Ball, location: 2F 0-2: Strikes out looking
|
Top of the 9th over - 0 run(s), 0 hit(s), 0 error(s), 0 left on base; Arizona 3 - Maryland 7 |
|